 Dungeon Crawl Stone Soup version 0.24.0-37-gcf1ca852f1 (webtiles) character file.

Game seed: 17968451029056856375, levelgen mode: deterministic

26565 grindst0ne the Peltast (level 13, -2/83 HPs)
             Began as a Tengu Wanderer on Nov 29, 2019.
             Was a Priest of Qazlal.
             Slain by a polar bear (14 damage)
             ... on level 5 of the Lair of Beasts.
             The game lasted 00:43:33 (18754 turns).

grindst0ne the Peltast (Tengu Wanderer)            Turns: 18754, Time: 00:43:34

Health: -2/83      AC: 13    Str: 15    XL:     13   Next: 26%
Magic:  0/21       EV:  5    Int: 19    God:    Qazlal [***...]
Gold:   775        SH: 25    Dex: 15    Spells: 12/12 levels left

rFire    . . .     SeeInvis .   s - +2 hand axe (flame)
rCold    . . .     Gourm    .   p - +2 large shield
rNeg     . . .     Faith    .   z - +2 chain mail {rPois}
rPois    +         Spirit   +   (helmet restricted)
rElec    .         Reflect  .   (no cloak)
rCorr    .         Harm     .   y - +0 pair of gloves
MR       .....                  (boots unavailable)
Stlth    ..........             m - amulet of guardian spirit
HPRegen  0.23/turn              l - ring of stealth
MPRegen  0.17/turn              J - ring "Ysuokk" {rPois Int+5 Stlth-}

@: flying quickly and evasively, drained, quick
A: beak, talons 3, able to fly
a: Stop Flying, Upheaval, Elemental Force, Renounce Religion


You were on level 5 of the Lair of Beasts.
You worshipped Qazlal.
Qazlal was most pleased with you.
You were not hungry.

You visited 2 branches of the dungeon, and saw 16 of its levels.

You collected 775 gold pieces.

Inventory:

Hand Weapons
 s - a +2 hand axe of flaming (weapon)
 B - a +3 flail of protection
 E - a +5 dagger
Missiles
 F - 20 boomerangs
 K - 9 silver javelins (quivered)
Armour
 p - a +2 large shield (worn)
 w - a +0 plate armour
 y - a +0 pair of gloves (worn)
 z - a +2 chain mail of poison resistance (worn)
Jewellery
 d - an uncursed amulet of the gourmand {unknown}
 l - a ring of stealth (left hand)
 m - an amulet of guardian spirit (around neck)
 J - the ring "Ysuokk" (right hand) {rPois Int+5 Stlth-}
   (You took it off a centaur on level 4 of the Lair of Beasts)

   [ring of attention]

   It affects your intelligence (+5).
   It protects you from poison.
   It makes you less stealthy.
Wands
 o - a wand of polymorph (26)
 I - a wand of random effects (25)
Scrolls
 b - 5 scrolls of fear
 c - 6 scrolls of teleportation
 e - a scroll of fog {unknown}
 g - 2 scrolls of enchant armour {unknown}
 j - 4 scrolls of blinking
 n - 11 scrolls of remove curse
 r - a scroll of immolation {unknown}
 t - 2 scrolls of random uselessness {unknown}
 x - a scroll of vulnerability {unknown}
 A - 3 scrolls of amnesia
 C - 3 scrolls of enchant weapon
 M - 3 scrolls of magic mapping {unknown}
Potions
 h - a potion of mutation {unknown}
 i - 3 potions of lignification
 q - a potion of haste
 D - a potion of resistance
 L - a potion of cancellation {unknown}
Miscellaneous
 u - a fan of gales
Comestibles
 a - 4 chunks of flesh
 f - 36 rations


   Skills:
 + Level 10.3(9.3) Fighting
 + Level 2.4(2.0) Axes
   Level 2.1(1.9) Polearms
 + Level 7.0(6.1) Armour
 - Level 2.0(1.1) Stealth
 * Level 16.2(15.0) Shields
 * Level 10.0(8.9) Invocations
 - Level 5.0(4.1) Evocations


You had 12 spell levels left.
You didn't know any spells.
Your spell library contained the following spells:

 Spells                   Type           Power        Failure   Level  Hunger
 Corona                   Hex            #......      100%        1    ##.....
 Ensorcelled Hibernation  Hex/Ice        #.....       100%        2    ###....
 Poisonous Vapours        Pois/Air       #.....       100%        2    ###....
 Slow                     Hex            #.......     100%        2    ###....
 Confuse                  Hex            #.......     100%        3    ####...
 Conjure Flame            Conj/Fire      #.......     100%        3    ####...
 Dazzling Spray           Conj/Hex       #.....       100%        3    ####...
 Inner Flame              Hex/Fire       #.......     100%        3    ####...
 Mephitic Cloud           Conj/Pois/Air  #.......     100%        3    ####...
 Portal Projectile        Hex/Tloc       #.....       100%        3    ####...
 Tukima's Dance           Hex            #.......     100%        3    ####...
 Cause Fear               Hex            #.........   100%        4    #####..
 Leda's Liquefaction      Hex/Erth       #.........   100%        4    #####..
 Freezing Cloud           Conj/Ice/Air   #.........   100%        6    #######
 Ring of Flames           Chrm/Fire      #.........   100%        7    #######


Dungeon Overview and Level Annotations

Branches:
Dungeon (11/15)            Temple (0/1) D:7            Lair (5/6) D:11
 Shoals (0/4) Lair:4       Spider (0/4) Lair:4          Orc (0/2) D:10
  Slime: Lair:5-6

Altars:
Ashenzari
Dithmenos
Elyvilon
Kikubaaqudgha
Makhleb
Qazlal
Sif Muna
Trog
Vehumet
Wu Jian
Yredelemnul
Zin
The Shining One

Shops:
D:5 [

Annotations:
D:9 exclusion: 2 downstairs
Lair:2 2 runed translucent doors, Weugil's ghost, journeyman HaBe
Lair:3 exclusion: downstairs
Lair:4 1 runed translucent door, Nergalle


Innate Abilities, Weirdness & Mutations

You have a beak for a mouth.
You have claws for feet.
You can fly continuously.


Message History

You peck the polar bear, but do no damage.
The polar bear is almost dead.
You hit the water moccasin. You burn the water moccasin.
The polar bear bites you!
* * * LOW HITPOINT WARNING * * *
You block the polar bear's attack. x2; The water moccasin bites you.
* * * LOW HITPOINT WARNING * * *
The blink frog blinks!
You block the polar bear's attack.
The polar bear claws you but does no damage.
You block the polar bear's attack.
You barely miss the polar bear.
The polar bear is almost dead.
You hit the water moccasin. You burn the water moccasin.
You block the water moccasin's attack.
The polar bear bites you but does no damage.
The polar bear claws you but does no damage.
You block the polar bear's attack.
The water moccasin bites you but does no damage.
The polar bear bites you!
You die...

#. ####. .#P. ....
P.. ##F. #.S##
#.○@### # .### ...
##†§h.#P.##. .#.
#.## #P......>...
.. ##.P#
##.P###P....
.######...####F..#
.)#.
.##....P.P..#....#
##
.................#
........#.#####..#
.....>.#..<.#.#.##


You could see a polar bear (berserk), a blink frog, a water moccasin and a
bullfrog.

Vanquished Creatures
  2 hydras
  A two-headed ogre (D:8)
  Urug (Lair:1)
  Pikel (D:4)
  A lindwurm (Lair:5)
  An ugly thing (D:11)
  2 cyclopes (D:8)
  3 elephants (Lair:4)
  4 black mambas
  A gargoyle (D:10)
  4 spiny frogs
  2 komodo dragons
  2 rime drakes (Lair:3)
  A queen bee (Lair:3)
  2 trolls
  A hornet (D:9)
  21 blink frogs
  4 hippogriffs
  A shadow (D:11)
  A spriggan (D:8)
  A tarantella (Lair:4)
  A wyvern (Lair:1)
  16 yaks
  A basilisk (Lair:3)
  4 hungry ghosts
  4 water moccasins
  4 porcupines
  2 ice beasts
  A slave (D:4)
  2 phantoms
  3 sky beasts
  3 orc warriors
  2 ogres
  14 wolves
  6 centaurs
  2 big kobolds
  16 bullfrogs
  3 scorpions
  25 killer bees
  5 wights (D:7)
  4 howler monkeys
  5 crimson imps
  A bullfrog zombie (D:9)
  2 quasits
  4 hounds
  3 orc priests
  3 jellies
  4 bullfrog skeletons
  7 orc wizards
  3 centaur skeletons
  5 iguanas
  8 worker ants
  A howler monkey zombie (D:5)
  2 worker ant zombies (D:6)
  3 gnolls (D:5)
  A howler monkey skeleton (D:6)
  13 adders
  2 shadow imps
  An ooze (D:2)
  2 adder skeletons
  A worm (D:3)
  3 dart slugs (D:1)
  6 leopard geckos
  39 orcs
  A ball python (D:3)
  13 bats
  10 giant cockroaches
  8 goblins
  8 hobgoblins
  13 jackals
  6 quokkas
  7 frilled lizards
  15 kobolds
  A leopard gecko skeleton (D:7)
  3 quokka skeletons
  4 rats
  2 fungi
385 creatures vanquished.

Vanquished Creatures (others)
  2 bushes (Lair:4)
  9 fungi
  5 plants
  2 withered plants (Lair:4)
18 creatures vanquished.

Grand Total: 403 creatures vanquished

Notes
Turn   | Place    | Note
-------+----------+-------------------------------------------
     0 | D:1      | grindst0ne the Tengu Wanderer began the quest for the Orb.
     0 | D:1      | grindst0ne set off with the following items: a +2 dagger, a
                  | scroll of fear, 2 scrolls of teleportation, a +0 robe, a
                  | ration
     0 | D:1      | Reached XP level 1. HP: 15/15 MP: 2/2
   241 | D:1      | Reached XP level 2. HP: 20/20 MP: 3/3
   633 | D:1      | Reached XP level 3. HP: 22/24 MP: 4/4
  1328 | D:2      | Reached XP level 4. HP: 23/30 MP: 3/5
  1438 | D:2      | Found a glowing golden altar of the Shining One.
  1853 | D:3      | Reached skill level 5 in Fighting
  1853 | D:3      | Reached skill level 2 in Shields
  2127 | D:3      | Gained mutation: You can fly continuously. [Tengu growth]
  2127 | D:3      | Reached XP level 5. HP: 31/35 MP: 6/6
  2463 | D:3      | Found an ornate altar of the Wu Jian Council.
  2600 | D:3      | Reached skill level 3 in Shields
  3045 | D:4      | Reached XP level 6. HP: 38/40 MP: 5/7
  3279 | D:4      | Reached skill level 4 in Shields
  3438 | D:4      | Noticed a slave
  3466 | D:4      | Killed a slave
  3469 | D:4      | Noticed a slave
  3581 | D:4      | Noticed Pikel
  3594 | D:4      | Noticed a slave
  3595 | D:4      | Noticed a slave
  3621 | D:4      | Killed Pikel
  3621 | D:4      | Reached skill level 6 in Shields
  3621 | D:4      | Reached XP level 7. HP: 37/47 MP: 0/8
  3870 | D:5      | Entered Level 5 of the Dungeon
  3917 | D:5      | Found Onats's Antique Armour Shoppe.
  3987 | D:5      | Reached XP level 8. HP: 20/52 MP: 5/9
  4477 | D:5      | Reached skill level 7 in Shields
  5580 | D:6      | Reached skill level 8 in Shields
  5950 | D:7      | Reached XP level 9. HP: 50/58 MP: 8/10
  5992 | D:7      | Found a stormy altar of Qazlal.
  6063 | D:7      | Became a worshipper of Qazlal Stormbringer
  6111 | D:7      | Reached skill level 9 in Shields
  6446 | D:7      | Found a shimmering blue altar of Sif Muna.
  6522 | D:7      | Found a white marble altar of Elyvilon.
  6522 | D:7      | Found a radiant altar of Vehumet.
  6522 | D:7      | Found a shadowy altar of Dithmenos.
  6612 | D:7      | Found a burning altar of Makhleb.
  6616 | D:7      | Found a glowing silver altar of Zin.
  6617 | D:7      | Found a basalt altar of Yredelemnul.
  6755 | D:7      | Found a staircase to the Ecumenical Temple.
  6982 | D:7      | Reached * piety under Qazlal
  7207 | D:8      | Reached skill level 10 in Shields
  7266 | D:8      | Reached skill level 1 in Invocations
  7372 | D:8      | Noticed a troll
  7389 | D:8      | Killed a troll
  7628 | D:8      | Reached XP level 10. HP: 43/65 MP: 11/13
  7839 | D:8      | Noticed a cyclops
  8011 | D:8      | Found an ancient bone altar of Kikubaaqudgha.
  8339 | D:8      | Killed a cyclops
  8394 | D:8      | Noticed a two-headed ogre
  8396 | D:8      | Noticed a cyclops
  8409 | D:8      | Killed a two-headed ogre
  8409 | D:8      | Reached skill level 11 in Shields
  8427 | D:8      | Killed a cyclops
  8427 | D:8      | Reached ** piety under Qazlal
  8427 | D:8      | Reached skill level 5 in Invocations
  9404 | D:9      | Found a bloodstained altar of Trog.
  9404 | D:9      | Found a shattered altar of Ashenzari.
  9477 | D:10     | Entered Level 10 of the Dungeon
  9533 | D:10     | Noticed a gargoyle
  9859 | D:10     | Identified the +6 quarterstaff of Surezevu {crush, Str+3
                  | Dex+2}
  9868 | D:9      | Reached skill level 12 in Shields
  9868 | D:9      | Reached XP level 11. HP: 51/71 MP: 13/16
 10138 | D:10     | Found a staircase to the Orcish Mines.
 10739 | D:11     | Noticed a death knight
 10740 | D:11     | Noticed a brown ugly thing
 10812 | D:11     | Noticed an orb spider
 10812 | D:11     | a hog changed into an orb spider
 11010 | D:11     | Noticed a moth of wrath
 11021 | D:11     | Noticed an orb spider
 11080 | D:11     | Found a staircase to the Lair.
 11099 | D:11     | Reached *** piety under Qazlal
 11126 | D:11     | Reached skill level 1 in Evocations
 11276 | D:11     | Reached skill level 13 in Shields
 11392 | D:11     | Noticed a purple ugly thing
 11402 | D:11     | Killed a purple ugly thing
 11402 | D:11     | Reached skill level 5 in Armour
 11787 | D:11     | Noticed a yellow draconian
 11788 | D:11     | Noticed a swamp dragon
 12143 | Lair:1   | Entered Level 1 of the Lair of Beasts
 12384 | Lair:1   | Reached skill level 14 in Shields
 12946 | Lair:1   | Reached XP level 12. HP: 15/76 MP: 5/19
 13597 | Lair:1   | Noticed Urug
 13605 | Lair:1   | Killed Urug
 14508 | Lair:2   | Noticed a seven-headed hydra
 14514 | Lair:2   | Killed a seven-headed hydra
 14528 | Lair:2   | Found a large runed translucent door.
 14529 | Lair:2   | Found a large runed translucent door.
 14529 | Lair:2   | Noticed Weugil's ghost (journeyman HaBe)
 15204 | Lair:3   | Reached skill level 15 in Shields
 16858 | Lair:4   | Reached skill level 10 in Fighting
 17155 | Lair:3   | Reached skill level 5 in Evocations
 17325 | Lair:4   | Noticed a six-headed hydra
 17343 | Lair:4   | Killed a three-headed hydra
 17343 | Lair:4   | Reached skill level 1 in Axes
 17343 | Lair:4   | Reached XP level 13. HP: 31/82 MP: 4/21
 17484 | Lair:4   | Identified the ring "Ysuokk" {rPois Int+5 Stlth-}
 17618 | Lair:4   | Found a runed translucent door.
 17679 | Lair:4   | Found a staircase to the Shoals.
 17839 | Lair:4   | Noticed Nergalle
 17853 | Lair:4   | Reached skill level 16 in Shields
 18163 | Lair:4   | Found a hole to the Spider Nest.
 18742 | Lair:5   | Reached skill level 10 in Invocations
 18754 | Lair:5   | Slain by a polar bear

Levels and vault maps discovered:
D:1:      erik_arrival_cave_to_civilisation [erik_arrival_cave_to_hall],
          layout_rooms, minmay_misc_feat_encased
D:2:      layout_basic, lemuel_doored_altar
D:3:      layout_loops_cross, nicolae_overflow_crystal_walls
D:4:      layout_loops_cross, minmay_misc_feat_square, uniq_pikel
D:5:      layout_basic, first_ration, serial_shops, nicolae_shop_trees,
          amethyst_killhole
D:6:      layout_cave_pods
D:7:      layout_basic, minitemple, nicolae_qazlal_style_of_elements,
          minmay_temple_entry_junction
D:8:      minmay_the_grid_octo_2x2 [minmay_the_grid_octo_tetromino_candy,
          minmay_the_grid_octo_pinwheel, minmay_the_grid_octo_checkered,
          minmay_the_grid_octo_prize_square_snowflake], layout_basic,
          kiku_gazebo_garden_becter, grunt_pizzeria
D:9:      layout_long_grid, gammafunk_temple_overflow_elements
D:10:     layout_cave_pools, david_orc_2
D:11:     layout_layer_cave, lair_entry_dummy, minivault_12
Lair:1:   layout_small_grid, uniq_urug
Lair:2:   layout_gridlike, ebering_ghost_disaster_area, serial_bayou_pond_e,
          minivault_26
Lair:3:   layout_roguey, special_room [special_room_bee]
Lair:4:   layout_loops_ring, minmay_shoals_entry_centaurs,
          spider_nest_entry_rubble, gammafunk_ghost_grave, uniq_nergalle
Lair:5:   layout_small_grid, grunt_megastairs_5

Skill      XL: |  1  2  3  4  5  6  7  8  9 10 11 12 13 |
---------------+----------------------------------------+-----
Armour         | 2 3 5 6 7 |  7.0
Fighting       | 5 6 7 8 9 10 | 10.3
Shields        | 2 3 6 8 10 12 14 15 16 | 16.2
Invocations    | 2 5 8 9 10 | 10.0
Evocations     | 3 5 |  5.0
Axes           | 1 2 |  2.4
Polearms       | |  2.1
Stealth        | |  2.0

Action                   |  1- 3 |  4- 6 |  7- 9 | 10-12 | 13-15 || total
-------------------------+-------+-------+-------+-------+-------++-------
Melee: Dagger            |   102 |    91 |       |       |       ||   193
       Kick              |    23 |    37 |    98 |   234 |    50 ||   442
       Peck              |    18 |    27 |    71 |   141 |    25 ||   282
       Hand axe          |       |    80 |   389 |   775 |   120 ||  1364
Invok: Upheaval          |       |       |       |    10 |     2 ||    12
 Abil: Fly               |       |       |       |       |     1 ||     1
Evoke: Wand              |       |       |     3 |    35 |       ||    38
       Fan of gales      |       |       |       |     1 |       ||     1
  Use: Scroll            |       |     4 |     4 |     9 |     2 ||    19
       Potion            |       |     2 |     1 |     9 |     4 ||    16
 Stab: Sleeping          |     6 |     9 |     4 |       |       ||    19
       Distracted        |     1 |       |     1 |       |       ||     2
  Eat: Chunk             |     1 |     8 |    13 |    31 |     2 ||    55
       Ration            |       |       |       |     3 |     1 ||     4
Armor: Robe              |     2 |       |       |       |       ||     2
       Leather armour    |    17 |    25 |       |       |       ||    42
       Ring mail         |       |     7 |    76 |    20 |       ||   103
       Chain mail        |       |       |    42 |   280 |    91 ||   413
       Skin              |       |       |       |     5 |       ||     5
Dodge: Dodged            |    60 |    28 |    57 |   107 |    34 ||   286
Block: Large shield      |       |   126 |   401 |  1186 |   240 ||  1953
